 Dungeon Crawl Stone Soup version 0.19-a0-526-gbe2e51c (webtiles) character file.

114 epen the Charmwright (level 5, 0/39 HPs)
             Began as a Formicid Skald on June 7, 2016.
             Succumbed to a worker ant's poison
             ... on level 4 of the Dungeon.
             The game lasted 00:05:38 (2960 turns).

epen the Charmwright (Formicid Skald)               Turns: 2960, Time: 00:05:39

Health: 0/39       AC:  3    Str: 17    XL:     5   Next: 18%
Magic:  9/9        EV: 11    Int: 11    God:
Gold:   128        SH:  0    Dex: 11    Spells: 4 memorised, 1 level left

rFire  . . .     SeeInvis +     a - +0 spear
rCold  . . .     Gourm    .     b - +0 leather armour
rNeg   . . .     Faith    .     (no shield)
rPois  .         Spirit   .     (helmet unavailable)
rElec  .         Dismiss  .     (no cloak)
rCorr  .         Reflect  .     (no gloves)
SustAt .         Harm     .     (no boots)
MR     .....                    (no amulet)
Stlth  +.........               (no ring)
                                (no ring)

@: lethally poisoned (0 -> -12), not resistant to hostile enchantments, very
unstealthy
A: permanent stasis, dig shafts and tunnels, four strong arms, antennae 3
a: Dig, Shaft Self


You were on level 4 of the Dungeon.
You were not hungry.

You visited 1 branch of the dungeon, and saw 5 of its levels.

You collected 128 gold pieces.

Inventory:

Hand Weapons
 a - a +0 spear (weapon)
Armour
 b - a +0 leather armour (worn)
Jewellery
 o - an uncursed ring of protection from cold {unknown}
Scrolls
 g - a scroll of remove curse {unknown}
 j - a scroll of fear {unknown}
 k - a scroll of recharging {unknown}
 l - 6 scrolls of enchant armour {unknown}
 n - 4 scrolls of identify {unknown}
 p - a scroll of fog {unknown}
Potions
 e - 2 potions of curing {unknown}
 h - 3 potions of ambrosia {unknown}
 i - a potion of agility {unknown}
 m - a potion of cure mutation {unknown}
 q - a potion of degeneration {unknown}
Books
 c - a book of Battle

   Spells                             Type                      Level
   a - Infusion                       Charms                       1
   b - Shroud of Golubria             Charms/Translocation         2
   c - Song of Slaying                Charms                       2
   d - Spectral Weapon                Hexes/Charms                 3
   e - Regeneration                   Charms/Necromancy            3
Comestibles
 d - 2 bread rations
 f - 4 fruits
 r - 2 chunks of flesh
 s - 2 slices of pizza


   Skills:
 + Level 2.6 Fighting
 * Level 3.1 Polearms
 + Level 1.5 Armour
 + Level 1.5 Dodging
 + Level 2.7 Spellcasting
 + Level 0.5 Hexes
 * Level 3.7 Charms


You had one spell level left.
You knew the following spells:

 Your Spells              Type           Power        Failure   Level  Hunger
a - Infusion              Chrm           #...         10%         1    ##.....
b - Song of Slaying       Chrm           #.......     14%         2    ###....
c - Spectral Weapon       Hex/Chrm       #.......     45%         3    ####...
d - Shroud of Golubria    Chrm/Tloc      #.........   24%         2    ###....


Dungeon Overview and Level Annotations

Branches:
Dungeon (5/15)
 Temple: D:4-7

Altars:

Annotations:
D:3 Xiguana's ghost, weakling VSMo
D:5 Pikel


Innate Abilities, Weirdness & Mutations

You are under a permanent stasis effect.
You can dig through walls and to a lower floor.
Your four strong arms can wield two-handed weapons with a shield.
You have a pair of large antennae on your head. (SInv)


Message History

The hound bites you but does no damage.
The worker ant bites you but does no damage.
The hound barely misses you.
You hit the hound.
The hound is heavily wounded.
The worker ant bites you.
You are poisoned.
The worker ant poisons you! The hound bites you.
You hit the hound.
The hound is severely wounded.
You feel sick. The hound bites you.
* * * LOW HITPOINT WARNING * * *
The worker ant bites you.
* * * LOW HITPOINT WARNING * * *
You are lethally poisoned!
The worker ant poisons you! The hound bites you.
* * * LOW HITPOINT WARNING * * *
* * * LOW HITPOINT WARNING * * *
You feel sick. The worker ant barely misses you.
You die...

#.# ## #.# ### . #.#
#.. #. #.# #.#
##.####.# #.#
......#.# #.###
#....# #...#
.###.#.h..###.#.####
..!....a.@...........
.##)#######'#######..
#.# #.# +.+ #.# # #.#
.# ##+###.###+###..#
+...........[.'..#


You could see a hound and a worker ant.

Vanquished Creatures
  A slave (D:4)
  2 adders (D:2)
  An ooze (D:1)
  2 worms
  3 dart slugs
  4 orcs (D:5)
  10 bats
  3 giant cockroaches
  7 goblins
  14 hobgoblins
  4 jackals (D:1)
  A ball python (D:2)
  A giant gecko skeleton (D:4)
  11 kobolds
  5 rats
69 creatures vanquished.

Vanquished Creatures (others)
  A hobgoblin (D:1)
  A spectral weapon (D:2)
2 creatures vanquished.

Grand Total: 71 creatures vanquished

Notes
Turn   | Place    | Note
--------------------------------------------------------------
     0 | D:1      | epen the Formicid Skald began the quest for the Orb.
     0 | D:1      | Reached XP level 1. HP: 16/16 MP: 3/3
    75 | D:1      | Reached skill level 1 in Dodging
    87 | D:1      | Reached XP level 2. HP: 16/22 MP: 1/5
   191 | D:1      | Learned a level 2 spell: Song of Slaying
   526 | D:1      | Reached XP level 3. HP: 27/27 MP: 6/6
   611 | D:1      | Learned a level 3 spell: Spectral Weapon
  1013 | D:2      | Reached XP level 4. HP: 27/34 MP: 1/7
  1628 | D:2      | Learned a level 2 spell: Shroud of Golubria
  2055 | D:3      | Noticed Xiguana's ghost (weakling VSMo)
  2375 | D:3      | You fall through a shaft for 2 floors!
  2375 | D:5      | Entered Level 5 of the Dungeon
  2389 | D:5      | Reached XP level 5. HP: 18/39 MP: 3/9
  2850 | D:5      | Noticed a slave
  2851 | D:5      | Noticed Pikel
  2851 | D:5      | Noticed a slave
  2851 | D:5      | Noticed a slave
  2852 | D:5      | Noticed a slave
  2883 | D:4      | Killed a slave
  2960 | D:4      | Succumbed to a worker ant's poison

Vault maps used:
D:1:      shiori_arrival_elements
D:2:      first_bread
D:3:      good_gods_temple_1, marbit_many_paths, nrook_mini_vaults,
          ashenzari_altar_1, uniq_grinder
D:4:      okawaru_metal_pillars_3, temple_hall, minmay_door_square,
          xom_teletrap_fun
D:5:      corexii_shack_village, portal_sewer_entry_b, fedhas_altar_4,
          uniq_pikel, uniq_duvessa

Skill      XL: |  1  2  3  4 |
---------------+-------------+-----
Dodging        | 1 |  1.5
Polearms       | 3 |  3.1
Fighting       | |  2.6
Armour         | |  1.5
Spellcasting   | |  2.7
Hexes          | |  0.5
Charms         | |  3.7

Action                   |  1- 3 |  4- 6 || total
-------------------------+-------+-------++-------
Melee: Spear             |   118 |   219 ||   337
 Cast: Infusion          |     1 |       ||     1
       Spectral Weapon   |     1 |     2 ||     3
       Song of Slaying   |     1 |     1 ||     2
       Shroud of Golubri |       |     1 ||     1
 Stab: Sleeping          |       |     1 ||     1
  Eat: Chunk             |     1 |     8 ||     9
Armor: Leather armour    |    28 |    35 ||    63
Dodge: Dodged            |    55 |   108 ||   163
